 Dungeon Crawl Stone Soup version 0.23.2-33-g5129a83 (webtiles) character file.

Game seed: 16977225198578781943

7 Derrs the Skirmisher (level 2, 0/24 HPs)
             Began as a Human Wanderer on July 17, 2019.
             Slain by a bat (1 damage)
             ... on level 1 of the Dungeon.
             The game lasted 00:08:52 (317 turns).

Derrs the Skirmisher (Human Wanderer)                Turns: 317, Time: 00:08:53

Health: 0/24       AC:  2    Str: 12    XL:     2   Next: 5%
Magic:  3/5        EV: 11    Int: 14    God:
Gold:   35         SH:  0    Dex: 10    Spells: 3/5 levels left

rFire    . . .     SeeInvis .   a - +0 club
rCold    . . .     Gourm    .   (no shield)
rNeg     . . .     Faith    .   d - +0 robe
rPois    .         Spirit   .   (no helmet)
rElec    .         Reflect  .   (no cloak)
rCorr    .         Harm     .   (no gloves)
MR       .....                  (no boots)
Stlth    +.........             (no amulet)
HPRegen  0.08/turn              (no ring)
MPRegen  0.09/turn              (no ring)

@: very slightly contaminated
A: no striking features
a: no special abilities


You were on level 1 of the Dungeon.
You were not hungry.

You visited 1 branch of the dungeon, and saw 1 of its levels.

You collected 35 gold pieces.

Inventory:

Hand Weapons
 a - a +0 club (weapon)
Armour
 d - a +0 robe (worn)
Jewellery
 b - an uncursed ring of stealth {unknown}
Scrolls
 e - a scroll of identify {unknown}
 g - a scroll of teleportation {unknown}
Potions
 c - a potion of curing
 h - a potion of lignification {unknown}
Comestibles
 f - a ration


   Skills:
 + Level 3.3 Fighting
 + Level 0.2 Dodging
 * Level 1.2 Stealth
   Level 1.0 Shields
 + Level 2.0 Spellcasting
   Level 3.0 Transmutations


You had 3 spell levels left.
You knew the following spells:

 Your Spells              Type           Power        Failure   Level  Hunger
a - Sandblast             Erth           #.....       24%         1    ##.....
b - Summon Small Mammal   Summ           #...         24%         1    ##.....

Your spell library contained the following spells:

 Spells                   Type           Power        Failure   Level  Hunger
 Passwall                 Tmut/Erth      #.......     19%         2    ###....
 Call Canine Familiar     Summ           #.......     56%         3    ####...
 Stone Arrow              Conj/Erth      #.....       56%         3    ####...
 Petrify                  Tmut/Erth      #.......     77%         4    #####..
 Lee's Rapid Deconstruct  Erth           #.........   100%        5    ######.


Dungeon Overview and Level Annotations

Branches:
Dungeon (1/15)

Altars:


Message History

Orders for allies: a - Attack new target. r - Retreat! s - Stop attacking. g - Guard the area. f - Follow me.
Anything else - Cancel.
Gang up on whom?
Press: ? - help, Dir - move target cursor, f - bat
Aim: a bat Attack!
Your bat hits the bat. The bat closely misses your bat.
Your bat misses the bat. The bat hits you.
* * * LOW HITPOINT WARNING * * *
The bat hits you but does no damage. The bat hits you but does no damage.
The bat completely misses you.
You see here a rat skeleton.
The bat hits you but does no damage. The bat barely misses you.
The bat hits you.
* * * LOW HITPOINT WARNING * * *
The bat closely misses you. The bat hits you.
You die...

####### #..[..# #.###.#
#.# #.#############.# #.#
#................ #.#
#.@b.÷g....######. #.#
#.######........?.
#####.###.######.#†######
#.........#..g...#.#####
#.#########.#####......#
#.# #.# #...##?... #.#
#.# ##.#.###### #.#
#####g####......... #.#
#................##


You could see a hobgoblin and a bat.

Vanquished Creatures
  A dart slug (D:1)
  A goblin (D:1)
  A hobgoblin (D:1)
  A rat (D:1)
4 creatures vanquished.

Vanquished Creatures (collateral kills)
  A goblin (D:1)
1 creature vanquished.

Grand Total: 5 creatures vanquished

Notes
Turn   | Place    | Note
-------+----------+-------------------------------------------
     0 | D:1      | Derrs the Human Wanderer began the quest for the Orb.
     0 | D:1      | Derrs set off with the following items: a +0 club, a potion
                  | of curing, a +0 robe, a ration; and the following spells
                  | available to memorise: Passwall, Sandblast, Summon Small
                  | Mammal, Call Canine Familiar, Stone Arrow, Petrify, Lee's
                  | Rapid Deconstruction
     0 | D:1      | Reached XP level 1. HP: 18/18 MP: 3/3
     2 | D:1      | Learned a level 1 spell: Sandblast
     4 | D:1      | Learned a level 1 spell: Summon Small Mammal
   131 | D:1      | Reached XP level 2. HP: 5/24 MP: 3/5
   316 | D:1      | HP: 1/24 [bat (1)]
   317 | D:1      | Slain by a bat

Action                   || total
-------------------------++-------
Melee: Club              ||    29
 Cast: Summon Small Mamm ||    11
Armor: Robe              ||    25
Dodge: Dodged            ||    45
